 Dungeon Crawl Stone Soup version 0.27-a0-1188-g73eefd5def (webtiles) character file.

Game seed: 15969934935145027174

1077 oldmanjim the Changer (level 8, -5/54 HPs)
             Began as an Octopode Transmuter on May 11, 2021.
             Was a Priest of Okawaru.
             Slain by a sky beast (6 damage)
             ... on level 5 of the Dungeon on May 22, 2021.
             The game lasted 00:58:38 (8667 turns).

oldmanjim the Changer (Octopode Transmuter)         Turns: 8667, Time: 00:58:39

Health: -5/54      AC:  1    Str:  9    XL:     8   Next: 29%
Magic:  14/14      EV: 18    Int: 17    God:    Okawaru [***...]
Gold:   116        SH:  0    Dex: 13    Spells: 11/15 levels left

rFire    . . .     SeeInvis .     - Unarmed
rCold    . . .     Faith    .   (no shield)
rNeg     . . .     Spirit   .   (helmet currently unavailable)
rPois    .         Reflect  .   d - amulet of the acrobat
rElec    .         Harm     .   s - +4 ring of evasion
rCorr    .         Rampage  .   (no ring)
Will     .....                  (no ring)
Stlth    +++.......             (no ring)
HPRegen  0.18/turn              (no ring)
MPRegen  0.14/turn              (no ring)
                                (no ring)
                                (no ring)

@: about to teleport, appendages
A: tentacle spike 3, almost no armour, amphibious, 8 rings, camouflage 1,
gelatinous body 1, (nimble swimmer 1), tentacles
a: End Transformation, Renounce Religion, Heroism


You were on level 5 of the Dungeon.
You worshipped Okawaru.
Okawaru was most pleased with you.
One of your tentacles had grown a beastly spike.
You visited 1 branch of the dungeon, and saw 6 of its levels.
You also visited: Ossuary.

You collected 242 gold pieces.
You spent 126 gold pieces at shops.

Inventory:

Hand Weapons
 a - a +0 hunting sling
Missiles
 b - 2 javelins
 i - 21 stones
 n - 4 poisoned darts
Armour
 c - a +0 kite shield
Magical Staves
 h - a staff of poison
Jewellery
 d - an amulet of the acrobat (around mantle)
 f - an amulet of reflection
 g - an amulet of regeneration
 s - a +4 ring of evasion (left tentacle)
 D - an amulet of guardian spirit
Scrolls
 j - a scroll of immolation
 m - a scroll of summoning {unknown}
 p - 2 scrolls of silence
 q - a scroll of teleportation
 r - 2 scrolls of fear {unknown}
 t - a scroll of magic mapping {unknown}
 u - a scroll of torment {unknown}
 v - a scroll of amnesia {unknown}
 w - a scroll of enchant weapon {unknown}
 y - a scroll of blinking {unknown}
 A - 2 scrolls of fog
Potions
 e - 2 potions of flight
 k - 2 potions of curing
 l - a potion of haste
 o - a potion of heal wounds {unknown}
 x - a potion of cancellation
 z - a potion of attraction
 B - 2 potions of might
 C - a potion of brilliance {unknown}


   Skills:
 - Level 4.0 Fighting
 - Level 3.3 Dodging
 - Level 4.0 Stealth
 - Level 0.2 Shields
 + Level 4.9 Unarmed Combat
 - Level 4.0 Spellcasting
 - Level 5.0 Transmutations
 - Level 2.0 Poison Magic
 + Level 0.0 Invocations


You had 11 spell levels left.
You knew the following spells:

 Your Spells              Type           Power      Damage    Failure   Level
a - Beastly Appendage     Tmut           40%        N/A       1%          1
b - Spider Form           Tmut/Pois      7%         N/A       11%         3

Your spell library contained the following spells:

 Spells                   Type           Power      Damage    Failure   Level
 Wereblood                Tmut           20%        N/A       3%          2
 Confusing Touch          Hex            3%         N/A       43%         3
 Gell's Gravitas          Tloc           1%         N/A       43%         3
 Ice Form                 Ice/Tmut       11%        N/A       50%         4
 Petrify                  Tmut/Erth      11%        N/A       50%         4
 Hydra Form               Tmut           10%        N/A       50%         5
 Yara's Violent Unravell  Hex/Tmut       5%         3d4       83%         5
 Metabolic Englaciation   Hex/Ice        1%         N/A       99%         5


Dungeon Overview and Level Annotations

Branches:
Dungeon (6/15)             Temple (0/1) D:5         Ossuary (visited)

Altars:
Okawaru
Xom

Shops:
D:4 ?

Annotations:
D:4 1 runed translucent door, Crazy Yiuf


Innate Abilities, Weirdness & Mutations

One of your tentacles has grown a beastly spike.
You cannot wear most types of armour.
You are amphibious.
You can wear up to eight rings at the same time.
Your skin changes colour to match your surroundings (Stealth+).
Your rubbery body absorbs attacks. (AC +1, EV +1)
((You are camouflaged near water. (Stealth+)))
You have tentacles for arms and can constrict up to eight enemies at once.


Message History

The sky beast completely misses you.
Casting: Beastly Appendage (safe; 1% risk of failure)
Confirm with . or Enter, or press ? or * to list all spells.
One of your tentacles grows a vicious spike.
The sky beast hits you. The sky beast shocks you.
The sky beast completely misses you.
You tentacle-slap the sky beast.
The sky beast is heavily wounded.
The sky beast misses you.
You closely miss the sky beast.
Your tentacle spike misses the sky beast.
The sky beast is heavily wounded.
The sky beast hits you. The sky beast shocks you.
You tentacle-slap the sky beast.
The sky beast is heavily wounded.
The sky beast hits you. The sky beast shocks you.
You tentacle-slap the sky beast.
The sky beast is severely wounded.
The sky beast closely misses you.
You tentacle-slap the sky beast but do no damage.
You squeeze the sky beast, but do no damage.
The sky beast is severely wounded.
The sky beast hits you.
* * * LOW HITPOINT WARNING * * *
The sky beast shocks you.
* * * LOW HITPOINT WARNING * * *
You miss the sky beast.
Your tentacle spike misses the sky beast.
The sky beast is severely wounded.
You completely miss the sky beast. Your squeeze misses the sky beast.
The sky beast is severely wounded.
The sky beast hits you.
* * * LOW HITPOINT WARNING * * *
The sky beast shocks you.
* * * LOW HITPOINT WARNING * * *
As you read the scroll of teleportation, it crumbles to dust.
You feel strangely unstable. The sky beast hits you.
* * * LOW HITPOINT WARNING * * *
The sky beast shocks you.
You die...

### .....# #.# ......#
#.# .......##.##### .
.....(.#......##..
.....(.#..........
....<.(#......#.......##
......Y#.......(.......
.......@..............
.......###.#..........#.
....... #.#.#......>...
....... #.#............
....... #.##.#...#....#
.........#....#.#)##...#
.8>8..............##....
................#.......
#....................


You could see a sky beast.

Vanquished Creatures
  8 scorpions
  4 centaur zombies
  2 human zombies (Ossuary)
  Jessica (D:2)
  Natasha (twice) (D:2)
  3 scorpion zombies
  4 mummies
  6 gnolls
  8 adders
  An ufetubus (D:6)
  A worm (D:2)
  4 dart slugs
  4 orcs (D:3)
  6 ball pythons
  5 bats
  3 endoplasms
  4 giant cockroaches
  A gnoll zombie (Ossuary)
  8 goblins
  10 hobgoblins
  3 quokkas
  2 goblin zombies (Ossuary)
  A hobgoblin zombie (Ossuary)
  11 kobolds
  4 kobold zombies (Ossuary)
  2 orc zombies (Ossuary)
  4 rats
112 creatures vanquished.

Vanquished Creatures (others)
  2 scorpions (Ossuary)
  A hobgoblin zombie (Ossuary)
  3 fungi (D:4)
6 creatures vanquished.

Grand Total: 118 creatures vanquished

Notes
Turn   | Place    | Note
-------+----------+-------------------------------------------
     0 | D:1      | oldmanjim the Octopode Transmuter began the quest for the
                  | Orb.
     0 | D:1      | Reached XP level 1. HP: 13/13 MP: 3/3
   316 | D:1      | Found a faded altar of an unknown god.
   324 | D:1      | Became a worshipper of Warmaster Okawaru
   324 | D:1      | Reached * piety under Okawaru
   571 | D:1      | Reached XP level 2. HP: 18/18 MP: 5/5
   934 | D:2      | Found a shimmering altar of Xom.
  1256 | D:2      | Reached XP level 3. HP: 14/23 MP: 6/6
  1400 | D:2      | Noticed Natasha
  1408 | D:2      | Killed Natasha
  1503 | D:2      | Reached XP level 4. HP: 21/28 MP: 7/7
  2066 | D:2      | Noticed Jessica
  2076 | D:2      | Killed Jessica
  2077 | D:2      | Reached skill level 3 in Transmutations
  2621 | D:2      | Noticed Natasha
  2649 | D:2      | Killed Natasha
  2650 | D:2      | Reached XP level 5. HP: 33/33 MP: 8/8
  2654 | D:2      | Learned a level 3 spell: Spider Form
  4410 | D:4      | Reached XP level 6. HP: 38/39 MP: 7/9
  4465 | D:4      | Reached skill level 1 in Poison Magic
  4600 | D:4      | Found a runed translucent door.
  4601 | D:4      | Noticed Crazy Yiuf
  4681 | D:4      | Found Enkaifu's Magic Scroll Boutique.
  4684 | D:4      | Bought a scroll of silence for 90 gold pieces
  4684 | D:4      | Bought a scroll of teleportation for 36 gold pieces
  4707 | D:4      | Reached skill level 4 in Transmutations
  5418 | D:4      | You fall into a shaft and drop 2 floors!
  5471 | D:5      | Entered Level 5 of the Dungeon
  5485 | D:5      | Found a sand-covered staircase.
  5490 | D:5      | Reached ** piety under Okawaru
  5494 | Ossuary  | Entered an ossuary
  5763 | Ossuary  | Reached skill level 1 in Stealth
  5952 | Ossuary  | Reached XP level 7. HP: 10/46 MP: 10/10
  6699 | Ossuary  | Reached skill level 5 in Transmutations
  7610 | Ossuary  | Reached XP level 8. HP: 26/54 MP: 12/12
  8408 | D:5      | Upgraded the game from 0.27-a0-1147-gb3d8e82157 to
                  | 0.27-a0-1188-g73eefd5def
  8539 | D:5      | Reached *** piety under Okawaru
  8621 | D:5      | Identified the +5 quarterstaff of Okawaru's Wrath {distort,
                  | rC- Str+3 Int-3 Dex+8}
  8645 | D:5      | Found a staircase to the Ecumenical Temple.
  8667 | D:5      | HP: 1/54 [sky beast (3)]
  8667 | D:5      | Slain by a sky beast

Illustrated notes

Levels and vault maps discovered:
D:1:      dpeg_arrival_pits, layout_basic, basic_ecumenical_altar
D:2:      cheibrodos_greedy_goblins, layout_basic, basic_altar,
          serial_co_window_serial, co_window_paths_a, co_window_paths_a,
          co_window_cross_1, co_window_paths_a, co_window_paths_a,
          co_window_unsneaky_path_a, co_window_corner_b, co_window_corner_cb,
          co_window_paths_d, co_window_paths_e, glass_columns_a,
          glass_columns_a, glass_columns_b, uniq_jessica, uniq_natasha
D:3:      layout_basic
D:4:      layout_basic, general_overflow_altar, serial_shops, shop,
          uniq_crazy_yiuf_cottage
D:5:      layout_rooms, temple_statues, nicolae_ossuary_entry_giza,
          ebering_ghost_rock_garden
D:6:      layout_cave_pools, lemuel_old_faithful

Skill      XL: |  1  2  3  4  5  6  7  8 |
---------------+-------------------------+-----
Dodging        | 3 |  3.3
Transmutations | 3 4 5 |  5.0
Unarmed Combat | 4 |  4.9
Fighting       | 2 3 4 |  4.0
Poison Magic   | 2 |  2.0
Stealth        | 2 4 |  4.0
Spellcasting   | 3 4 |  4.0
Shields        | |  0.2

Action                   |  1- 3 |  4- 6 |  7- 9 || total
-------------------------+-------+-------+-------++-------
Melee: Unarmed           |    67 |   157 |   101 ||   325
       Constrict         |    13 |    32 |    15 ||    60
       Tentacles         |     8 |    30 |    20 ||    58
       Punch             |     1 |     6 |     3 ||    10
       Kick              |       |    11 |    17 ||    28
 Fire: Hunting sling     |       |    82 |    86 ||   168
 Cast: Beastly Appendage |       |     8 |    15 ||    23
       Spider Form       |       |       |     1 ||     1
  Use: Scroll            |       |     4 |     6 ||    10
 Stab: Sleeping          |     1 |     1 |       ||     2
Armor: Skin              |     5 |    14 |     2 ||    21
Dodge: Dodged            |    46 |   127 |   104 ||   277
Block: Other             |       |     8 |       ||     8
       Reflection        |       |     1 |       ||     1

Table legend: (Time is in decaauts)
 A = Elapsed time spent in this place.
 B = Non-inter-level travel time spent in this place.
 C = Inter-level travel time spent in this place.
 D = Time resting spent in this place.
 E = Time spent auto-exploring this place.
 F = Levels seen in this place.
 G = Mean time per level.
                   A        B        C        D        E       F      G
               +--------+--------+--------+--------+--------+-----+--------+
         Total |   8609 |   8466 |    143 |   3084 |   3680 |   7 | 1229.9 |
       Dungeon |   5742 |   5599 |    143 |   1054 |   3442 |   6 |  957.0 |
       Ossuary |   2867 |   2867 |      0 |   2030 |    238 |   1 | 2867.0 |
               +--------+--------+--------+--------+--------+-----+--------+

Top non-repeatable levels by time:
 Ossuary: 2867 daAuts
     D:2: 1775 daAuts
     D:3: 1223 daAuts
     D:4: 1221 daAuts
     D:1: 1163 daAuts
     D:5: 305 daAuts
     D:6: 52 daAuts
